[Event "ICCopen2016"]
[Site "Internet Chess Club"]
[Date "2016.06.04"]
[Round "5"]
[White "Bom182"]
[Black "HungryFarseer"]
[Result "0-1"]
[ICCResult "White forfeits on time"]
[WhiteElo "1944"]
[BlackElo "1752"]
[Opening "Trompowsky attack (Ruth, Opocenský opening)"]
[ECO "A45"]
[NIC "QP.07"]
[Time "14:44:34"]
[TimeControl "180+0"]

1. d4 Nf6 2. Bg5 Ne4 3. Bf4 d6 4. f3 Nf6 5. e4 Nc6 6. Nc3 e5 7. dxe5 dxe5 8.
Qxd8+ Kxd8 9. O-O-O+ Ke8 10. Nb5 Bd6 11. Bg5 Ke7 12. Nxd6 cxd6 13. Ne2 h6
14. Bxf6+ gxf6 15. Nc3 Be6 16. Nd5+ Bxd5 17. Rxd5 Rac8 18. Kb1 Rhg8 19. c3
a6 20. g4 Nd8 21. Be2 Ne6 22. Rhd1 Rc6 23. R1d2 Nf4 24. Ra5 h5 25. Bd1 hxg4
26. fxg4 Rh8 27. Ba4 Rb6 28. Bb3 Rh4 29. Bc2 Rxg4 30. a4 Rg1+ 31. Ka2 Rh1
32. b4 Rc6 33. Kb3 Ne6 34. Rg2 Re1 35. h4 Re3 36. Kb2 Rcxc3 37. Rh2 Rh3 38.
Rxh3 Rxh3 39. b5 Nc5 40. bxa6 bxa6 41. Bd1 Rxh4 42. Kc1 Rxe4 43. Kd2 Rd4+
44. Ke2 Kd7 45. Bc2 Kc7 46. Bf5 Kb6 47. Rxc5 Kxc5 48. Bd7 f5 49. Ke3 f4+ 50.
Ke2 f6 51. Kf2 a5 52. Ke2 Kb4 53. Kf2 Ka3 54. Ke1 Kb2 55. Ke2 Kc3 56. Kf3
Kd3 57. Kg4 Ke3 58. Kf5 f3 59. Ke6 f2 60. Ke7 f1=Q 61. Kd8 Qc4 62. Ke7 e4
63. Kd8 Kd2 64. Ke7 e3 65. Ke8 e2 {White forfeits on time} 0-1

[Event "ICCopen2016"]
[Site "Internet Chess Club"]
[Date "2016.06.04"]
[Round "5"]
[White "LastKeks"]
[Black "MoonlightWizard"]
[Result "1-0"]
[ICCResult "Black resigns"]
[WhiteElo "3100"]
[BlackElo "2932"]
[Opening "French: advance, Paulsen attack"]
[ECO "C02"]
[NIC "FR.03"]
[Time "14:45:25"]
[TimeControl "180+0"]

1. e4 e6 2. d4 d5 3. e5 c5 4. c3 Nc6 5. Nf3 Qb6 6. a3 c4 7. Nbd2 Bd7 8. g3
Na5 9. h4 Ne7 10. Bh3 Qc7 11. O-O Nc8 12. Ng5 h6 13. Ngf3 Nb6 14. a4 Qc6 15.
Nh2 Nxa4 16. f4 Qb5 17. f5 O-O-O 18. fxe6 fxe6 19. Rf7 Nb6 20. Qg4 Nc6 21.
Rxd7 Rxd7 22. Qxe6 Kc7 23. Ndf3 Qb3 24. Qf5 Qd1+ 25. Nf1 g6 26. Qf4 Be7 27.
e6+ Bd6 28. Qf6 Rf8 29. Qxf8 Bxf8 30. Bf4+ Bd6 31. Rxd1 Re7 32. Bxh6 Na4 33.
Bg5 Re8 34. Rd2 b5 35. Ne3 b4 36. Nxd5+ Kb7 37. cxb4 Nxb4 38. Nxb4 Bxb4 39.
Rc2 Nb6 40. Ne5 Bd6 41. Nxg6 Kc6 42. h5 Kd5 43. h6 Kxd4 44. h7 Be5 45. Nxe5
Kxe5 46. e7 Nd5 47. Rf2 Nxe7 48. Bxe7 c3 49. Bf6+ {Black resigns} 1-0

[Event "ICCopen2016"]
[Site "Internet Chess Club"]
[Date "2016.06.04"]
[Round "5"]
[White "karodash"]
[Black "livis"]
[Result "1-0"]
[ICCResult "Black checkmated"]
[WhiteElo "1624"]
[BlackElo "1916"]
[Opening "French: advance, Euwe variation"]
[ECO "C02"]
[NIC "FR.03"]
[Time "14:45:23"]
[TimeControl "180+0"]

1. e4 e6 2. d4 d5 3. e5 c5 4. c3 Nc6 5. Nf3 Bd7 6. Be2 Nge7 7. Na3 Ng6 8.
Nc2 Be7 9. O-O O-O 10. Bd3 cxd4 11. cxd4 Rc8 12. b4 a6 13. a3 b5 14. Bd2 Be8
15. Rc1 f5 16. Ne3 Na7 17. Rxc8 Qxc8 18. Qc1 Qb7 19. Qb2 Bd7 20. Rc1 Rc8 21.
Rxc8+ Qxc8 22. Qc2 Qd8 23. Nf1 h6 24. Be3 Nf8 25. N1d2 g5 26. Nb3 f4 27. Bd2
Be8 28. Nc5 Bxc5 29. dxc5 Nc6 30. Bc3 Kg7 31. Nd4 Nxd4 32. Bxd4 Bg6 33. Bxg6
Nxg6 34. c6 Qc7 35. Qc5 g4 36. Qd6 Qc8 37. c7 Kf7 38. Qd8 Ne7 39. Bc5 Qxd8
40. cxd8=Q Nf5 41. Qf8+ Kg6 42. Qg8+ Kh5 43. h3 gxh3 44. gxh3 Ne3 45. fxe3
fxe3 46. Qg4# {Black checkmated} 1-0

[Event "ICCopen2016"]
[Site "Internet Chess Club"]
[Date "2016.06.04"]
[Round "5"]
[White "eternalwarrior"]
[Black "blackending"]
[Result "0-1"]
[ICCResult "White resigns"]
[WhiteElo "1383"]
[BlackElo "1694"]
[Opening "Sicilian: Alapin's variation (2.c3)"]
[ECO "B22"]
[NIC "SI.46"]
[Time "14:45:27"]
[TimeControl "180+0"]

1. e4 c5 2. c3 d6 3. d4 cxd4 4. cxd4 Nf6 5. Nc3 a6 6. Nf3 e6 7. Bg5 Be7 8.
Bd3 Nc6 9. O-O e5 10. d5 Nb8 11. Rc1 Bd7 12. Qd2 O-O 13. h3 b5 14. b4 Bc8
15. Rfd1 Nbd7 16. a3 Nb6 17. Ne2 Bd7 18. Ne1 Rc8 19. Rc2 Rxc2 20. Nxc2 Qc7
21. Ne3 Rc8 22. Rc1 Qb7 23. Rxc8+ Qxc8 24. g4 h6 25. Bh4 Kf8 26. Nf5 Bxf5
27. gxf5 Nc4 28. Bxc4 Qxc4 29. f3 Qb3 30. Qc3 Qxc3 31. Nxc3 Ke8 32. Bf2 Nh5
33. Kg2 Nf4+ 34. Kg3 Nd3 35. Be3 Kd7 36. f4 exf4+ 37. Bxf4 Nxf4 38. Kxf4 Bf6
39. Ne2 Bb2 40. Ng3 Bxa3 41. Nh5 Bb2 {White resigns} 0-1

[Event "ICCopen2016"]
[Site "Internet Chess Club"]
[Date "2016.06.04"]
[Round "5"]
[White "khekhm"]
[Black "GreyWarden"]
[Result "1-0"]
[ICCResult "Black forfeits on time"]
[WhiteElo "2552"]
[BlackElo "2053"]
[Opening "Ruy Lopez: closed, Bogolyubov variation"]
[ECO "C91"]
[NIC "RL.20"]
[Time "14:45:27"]
[TimeControl "180+0"]

1. e4 e5 2. Nf3 Nc6 3. Bb5 a6 4. Ba4 Nf6 5. O-O Be7 6. Re1 b5 7. Bb3 d6 8.
c3 O-O 9. d4 Bg4 10. Be3 Re8 11. Nbd2 exd4 12. cxd4 Nb4 13. h3 Bh5 14. Qb1
c5 15. a3 c4 16. axb4 cxb3 17. d5 Bf8 18. Nd4 Bg6 19. Bg5 Qb6 20. Bxf6 gxf6
21. N4xb3 Bh6 22. Qd3 Re5 23. Nf3 Re7 24. Nbd4 Rae8 25. Nf5 Bxf5 26. exf5
Rxe1+ 27. Rxe1 Rxe1+ 28. Nxe1 Qc7 29. Qc2 Qb7 30. Qc6 Qe7 31. Nf3 Qe2 32.
Qxd6 Qxb2 33. g3 Qe2 34. Nh2 Qe1+ 35. Nf1 Qa1 36. Kg2 Bc1 37. Qc5 Bb2 38. d6
Bd4 39. Qc2 Be5 40. d7 Qd4 41. Qc8+ Kg7 42. d8=Q Qe4+ 43. Kg1
{Black forfeits on time}
1-0

[Event "ICCopen2016"]
[Site "Internet Chess Club"]
[Date "2016.06.04"]
[Round "5"]
[White "TasteOflover"]
[Black "Creedence"]
[Result "1-0"]
[ICCResult "Black forfeits on time"]
[WhiteElo "2898"]
[BlackElo "3069"]
[Opening "King's Indian: fianchetto without c4"]
[ECO "A49"]
[NIC "QP.06"]
[Time "14:45:02"]
[TimeControl "180+0"]

1. d4 Nf6 2. Nf3 g6 3. g3 Bg7 4. Bg2 O-O 5. O-O d5 6. b3 a5 7. Bb2 a4 8. c4
c6 9. Nbd2 Bf5 10. Nh4 Be6 11. c5 Qa5 12. Qc2 Nbd7 13. Bc3 Qa6 14. Rfe1 Bg4
15. Bf1 Qa7 16. h3 Be6 17. Bg2 Rfc8 18. Qb2 a3 19. Qc2 b6 20. b4 Qa4 21. Nb3
Ne4 22. Rec1 Nxc3 23. Qxc3 Qa6 24. Bf1 Qa7 25. Nf3 Bf5 26. g4 Be6 27. Rab1
Nf6 28. cxb6 Qxb6 29. Nc5 Ne4 30. Qe3 Qd8 31. Nxe6 fxe6 32. Bg2 Qf8 33. Qd3
Qf4 34. Rf1 Qd6 35. Rb3 Rcb8 36. Rfb1 Ra4 37. Rxa3 Raxb4 38. Rxb4 Rxb4 39.
Ra8+ Rb8 40. Rxb8+ Qxb8 41. Ne1 Nd6 42. e3 Qb4 43. Nf3 Ne4 44. Qc2 Qb6 45.
Bf1 Bf6 46. Bd3 Nd6 47. Kg2 Kf7 48. a4 Nb7 49. e4 dxe4 50. Bxe4 Na5 51. Qd3
Qb4 52. Qe3 Qd6 53. Qh6 Kg8 54. Qe3 Nc4 55. Qe2 Nb6 56. a5 Nd5 57. a6 Qa3
58. Bxd5 exd5 59. Qe6+ Kg7 60. Qxc6 Qa2 61. g5 Qa1 62. gxf6+ exf6 63. Qb7+
Kh6 64. a7 Qa3 65. a8=Q Qd3 66. Qbb8 Qf5 67. Qg3 Kh5 68. Qab8 g5 69. Qe8+
Qg6 70. Qg4+ Kh6 71. Qxg6+ Kxg6 72. h4 f5 73. h5+ Kf6 74. Qxg5+ Ke6 75. Ne5
Kd6 76. Qh6+ Kc7 77. Qxh7+ Kb6 78. Qd7 Ka5 79. h6 Kb4 80. Qxd5 Kc3 81. Qc4+
{Black forfeits on time}
1-0

[Event "ICCopen2016"]
[Site "Internet Chess Club"]
[Date "2016.06.04"]
[Round "5"]
[White "Sibelephant"]
[Black "Anarchy"]
[Result "1-0"]
[ICCResult "Black resigns"]
[WhiteElo "3128"]
[BlackElo "2829"]
[Opening "English: symmetrical variation"]
[ECO "A30"]
[NIC "EO.34"]
[Time "14:45:33"]
[TimeControl "180+0"]

1. c4 c5 2. Nf3 Nc6 3. Nc3 g6 4. e3 Nf6 5. d4 cxd4 6. exd4 d5 7. cxd5 Nxd5
8. Bc4 Nxc3 9. Qb3 Nd5 10. Bxd5 e6 11. Bxc6+ bxc6 12. O-O f6 13. Be3 Qd5 14.
Rfc1 Bd6 15. Nd2 Bd7 16. Qc2 O-O 17. Ne4 Be7 18. f3 Rfc8 19. Qe2 Rab8 20. b3
Be8 21. Rc4 Kg7 22. Rac1 c5 23. Nc3 Qh5 24. dxc5 Bxc5 25. Ne4 Bxe3+ 26. Qxe3
Rxc4 27. Qxa7+ Bf7 28. Rxc4 Rd8 29. Rd4 Rc8 30. Rd1 Qe5 31. Nd6 Qc5+ 32.
Qxc5 Rxc5 33. b4 Rc2 34. a4 e5 35. Nxf7 Kxf7 36. Rd7+ Ke6 37. Rxh7 f5 38. a5
Ra2 39. Rg7 Kf6 40. Rb7 e4 41. fxe4 fxe4 42. Rb5 e3 43. Kf1 Rf2+ 44. Ke1 Ra2
45. h4 Ke6 46. g4 Kf6 47. h5 gxh5 48. gxh5 Rh2 49. a6 Ra2 50. Ra5 Rh2 51. a7
{Black resigns}
1-0

[Event "ICCopen2016"]
[Site "Internet Chess Club"]
[Date "2016.06.04"]
[Round "5"]
[White "Mormegil"]
[Black "ncc-1701"]
[Result "1-0"]
[ICCResult "Black forfeits on time"]
[WhiteElo "1627"]
[BlackElo "1929"]
[Opening "Réti: advance variation"]
[ECO "A09"]
[NIC "RE.16"]
[Time "14:45:26"]
[TimeControl "180+0"]

1. Nf3 d5 2. c4 d4 3. e3 c5 4. b4 dxe3 5. fxe3 cxb4 6. d4 Nf6 7. Bd3 Bg4 8.
O-O e6 9. Qa4+ Nc6 10. Ne5 Qc7 11. Nd2 Bd6 12. Nxg4 Nxg4 13. d5 exd5 14.
cxd5 O-O 15. dxc6 Bxh2+ 16. Kh1 Bg1 17. Nf3 Bf2 18. Qxb4 Qg3 19. Bd2 bxc6
20. Qe4 f5 21. Bc4+ Kh8 22. Qf4 Qxf4 23. exf4 Rf6 24. Rxf2 Nxf2+ 25. Kg1 Ne4
26. Be3 c5 27. Ne5 h5 28. Rd1 Kh7 29. Rd7 Rd6 30. Re7 Rd1+ 31. Kh2 Rc8 32.
Be6 Rf8 33. Nd7 Rd8 34. Bxf5+ Kh6 35. Rxe4 R1xd7 36. Bxd7 Rxd7 37. Bxc5 Rc7
38. Re5 Kg6 39. a4 Kf6 40. g3 g6 41. Kh3 Rd7 42. Bxa7 Rxa7 43. a5 h4 44.
Kxh4 Rh7+ 45. Kg4 Rh1 46. Kf3 g5 47. Rc5 Ra1 48. Rc6+ Kf5 49. a6 g4+ 50. Ke2
Ra2+ 51. Kd3 {Black forfeits on time} 1-0

[Event "ICCopen2016"]
[Site "Internet Chess Club"]
[Date "2016.06.04"]
[Round "5"]
[White "Visam"]
[Black "VrloJakMK"]
[Result "0-1"]
[ICCResult "White forfeits on time"]
[WhiteElo "2773"]
[BlackElo "2194"]
[Opening "Réti: King's Indian attack"]
[ECO "A05"]
[NIC "QP.11"]
[Time "14:45:29"]
[TimeControl "180+0"]

1. Nf3 Nf6 2. g3 g6 3. b3 Bg7 4. Bb2 O-O 5. Bg2 c6 6. O-O d5 7. c4 e6 8. e3
Nbd7 9. Nc3 b6 10. cxd5 exd5 11. Nd4 Bb7 12. b4 Re8 13. b5 c5 14. Nc6 Bxc6
15. bxc6 Ne5 16. c7 Qxc7 17. Nxd5 Nxd5 18. Bxd5 Rad8 19. e4 h5 20. Kg2 Ng4
21. Bxg7 Kxg7 22. f4 Nf6 23. f5 Nxd5 24. exd5 Rxd5 25. fxg6 fxg6 26. Qf3
Rxd2+ 27. Kh1 Rd6 28. Qc3+ Rd4 29. Qf3 Rd6 30. Qc3+ Kh7 31. Kg1 Rd4 32. Rf2
Qe7 33. Raf1 Qe3 34. Qc2 Rf8 35. Kg2 Rxf2+ 36. Rxf2 Qe4+ 37. Qxe4 Rxe4 38.
Rf7+ Kh6 39. Rxa7 Rb4 40. Kf3 c4 41. Ke4 b5 42. Kd4 Rb2 43. h4 Rg2 44. Ra5
Rxg3 45. Rxb5 Rg4+ 46. Kc3 Rxh4 47. a4 Rh1 48. Kxc4 h4 49. Rb2 Rc1+ 50. Kb5
Rc8 51. Rh2 g5 52. a5 Kh5 53. a6 g4 54. a7 g3 55. Rc2 Ra8 56. Kb6 h3 57.
Rc5+ Kg4 58. Rc4+ Kf5 59. Rc5+ Ke4 60. Rc4+ Kd3 61. Rh4 g2 62. Rxh3+ Ke2
{White forfeits on time}
0-1

[Event "ICCopen2016"]
[Site "Internet Chess Club"]
[Date "2016.06.04"]
[Round "5"]
[White "RobbieWilliams"]
[Black "Eraser007"]
[Result "0-1"]
[ICCResult "White forfeits on time"]
[WhiteElo "1810"]
[BlackElo "2181"]
[Opening "Queen's pawn game"]
[ECO "A45"]
[NIC "QP.07"]
[Time "14:45:35"]
[TimeControl "180+0"]

1. d4 Nf6 2. e3 g6 3. Nc3 Bg7 4. e4 d6 5. f3 O-O 6. Be3 Nbd7 7. Qd2 c5 8.
Nge2 cxd4 9. Nxd4 a6 10. O-O-O b5 11. Kb1 Bb7 12. g4 Ne5 13. Be2 Rc8 14. h4
h5 15. gxh5 gxh5 16. Rdg1 Kh7 17. Nf5 Rg8 18. Rg5 e6 19. Nxg7 Rxg7 20. Rhg1
Rg6 21. f4 Nxe4 22. Nxe4 Bxe4 23. Rxh5+ Kg8 24. Bd3 Nxd3 25. cxd3 Rxg1+ 26.
Bxg1 Bf5 27. Bd4 f6 28. Qg2+ Kf7 29. Qf3 Qc7 30. a3 Qc2+ 31. Ka2 Bxd3 32.
Qb7+ Rc7 33. Rh7+ Bxh7 34. Qb8 Be4 {White forfeits on time} 0-1

[Event "ICCopen2016"]
[Site "Internet Chess Club"]
[Date "2016.06.04"]
[Round "5"]
[White "RJoseph12"]
[Black "Svinotigr"]
[Result "0-1"]
[ICCResult "White checkmated"]
[WhiteElo "1336"]
[BlackElo "1654"]
[Opening "Philidor: Hanham variation"]
[ECO "B07"]
[NIC "VO.17"]
[Time "14:45:33"]
[TimeControl "180+0"]

1. e4 d6 2. d4 Nd7 3. Nf3 e5 4. d5 g6 5. Nc3 Bg7 6. Bd3 Ngf6 7. h3 h5 8. Bg5
O-O 9. O-O Re8 10. Nh2 Nf8 11. f4 exf4 12. Bxf4 N8h7 13. Nf3 Qe7 14. Ng5 a6
15. Re1 Nd7 16. Qd2 Ne5 17. Nxh7 Kxh7 18. Bg5 f6 19. Bf4 Bd7 20. Qf2 Rf8 21.
Qg3 Bh6 22. Bxh6 Kxh6 23. Qf4+ Kg7 24. Re3 Rae8 25. Rg3 g5 26. Qe3 h4 27.
Rg4 Bxg4 28. hxg4 Nxg4 29. Qh3 Ne5 30. Re1 Qd7 31. Qe3 Qg4 32. Be2 Qg3 33.
Qxg3 hxg3 34. Bf3 g4 35. Be2 f5 36. Bd3 f4 37. Rf1 f3 38. gxf3 gxf3 39. Nd1
Kg6 40. Ne3 Kg5 41. Nf5 Kf4 42. b3 Nxd3 43. cxd3 Rxf5 44. exf5 Re2 45. f6
Re8 46. f7 Rf8 47. d4 Rxf7 48. b4 Rh7 49. a3 g2 50. Rf2 Kg3 51. Rxf3+ Kxf3
52. b5 Rh1# {White checkmated} 0-1

[Event "ICCopen2016"]
[Site "Internet Chess Club"]
[Date "2016.06.04"]
[Round "5"]
[White "hawkstorm"]
[Black "BlueJ"]
[Result "1-0"]
[ICCResult "Black forfeits on time"]
[WhiteElo "1590"]
[BlackElo "2049"]
[Opening "Sicilian: Smith-Morra gambit"]
[ECO "B21"]
[NIC "SI.47"]
[Time "14:45:28"]
[TimeControl "180+0"]

1. e4 c5 2. d4 cxd4 3. c3 Nf6 4. e5 Nd5 5. Bc4 Qc7 6. Qe2 Nb6 7. Bb3 Nc6 8.
Nf3 e6 9. O-O Na5 10. cxd4 Nxb3 11. axb3 d5 12. exd6 Bxd6 13. Nc3 O-O 14.
Nb5 Qd8 15. Rd1 a6 16. Nc3 Re8 17. Qe4 Nd5 18. Ng5 Nf6 19. Qh4 h6 20. Nf3
Bd7 21. Bxh6 gxh6 22. Qxh6 Bf8 23. Qh4 Bg7 24. Qg3 Bc6 25. Ne5 Nh7 26. h4 f6
27. Ng4 Kh8 28. Rd3 Rg8 29. Qe3 f5 30. Ne5 Bxe5 31. Qxe5+ Qf6 32. f3 Qxe5
33. dxe5 Rad8 34. Rad1 Rxd3 35. Rxd3 Kg7 36. Kf2 Kf7 37. Nb1 Ke7 38. Nd2 Rd8
39. Rxd8 Kxd8 40. Nc4 Ke7 41. Nd6 Nf8 42. Nc8+ Kf7 43. Nb6 Ng6 44. Nc4 Nxh4
45. Kg3 Ng6 46. Nd6+ Ke7 47. f4 b5 48. Kf2 Bd5 49. g3 a5 50. Ke3 Kd7 51. Kd3
Kc6 52. Kd4 b4 53. Kd3 {Black forfeits on time} 1-0

[Event "ICCopen2016"]
[Site "Internet Chess Club"]
[Date "2016.06.04"]
[Round "5"]
[White "ChAn"]
[Black "Dare-Dare"]
[Result "0-1"]
[ICCResult "White forfeits on time"]
[WhiteElo "1513"]
[BlackElo "1874"]
[Opening "French: Winawer, advance variation"]
[ECO "C18"]
[NIC "FR.11"]
[Time "14:45:38"]
[TimeControl "180+0"]

1. e4 e6 2. d4 d5 3. Nc3 Bb4 4. e5 c5 5. a3 Bxc3+ 6. bxc3 Qa5 7. Bd2 Ne7 8.
Nf3 O-O 9. Bd3 c4 10. Be2 Nbc6 11. O-O Bd7 12. h4 f6 13. Bf4 f5 14. h5 a6
15. h6 g6 16. Bg5 Nc8 17. g3 N6a7 18. Kg2 Nb5 19. Rh1 Nxc3 20. Qe1 Nb6 21.
Bd2 Nba4 22. Nh4 Be8 23. Bg5 b6 24. Be7 Rf7 25. Bb4 Qb5 26. Bxc3 a5 27. Rb1
Qc6 28. f4 Bd7 29. Nf3 Rff8 30. Ng5 Rfb8 31. Bd1 b5 32. g4 Ra7 33. gxf5 exf5
34. e6 Be8 35. e7 Qd6 36. Qe6+ Qxe6 37. Nxe6 Rxe7 38. Nc5 Nxc3 39. Rb2 Nxd1
40. Rxd1 b4 41. axb4 axb4 42. Kf3 Ba4 43. Nxa4 b3 44. c3 Ra7 45. Nc5 Ra2 46.
Rdd2 Ra1 47. Re2 Rf1+ 48. Kg2 Rxf4 49. Re7 Rg4+ 50. Kh3 Rg5 51. Rg7+ Kh8 52.
Re2 Rh5+ 53. Kg2 Rxh6 54. Ree7 Rg8 55. Ne6 b2 56. Rxg8+ Kxg8 57. Re8+ Kf7
{White forfeits on time}
0-1

[Event "ICCopen2016"]
[Site "Internet Chess Club"]
[Date "2016.06.04"]
[Round "5"]
[White "shredded"]
[Black "BlackHorse96"]
[Result "0-1"]
[ICCResult "White forfeits on time"]
[WhiteElo "2803"]
[BlackElo "3184"]
[Opening "Pirc defense"]
[ECO "B07"]
[NIC "PU.08"]
[Time "14:45:14"]
[TimeControl "180+0"]

1. d4 d6 2. e4 Nf6 3. f3 c5 4. c3 cxd4 5. cxd4 g6 6. Be3 Bg7 7. Bd3 O-O 8.
Ne2 Nc6 9. O-O Bd7 10. Nbc3 Rc8 11. a3 a6 12. Qd2 Re8 13. Rac1 Na5 14. Rcd1
Nc4 15. Bxc4 Rxc4 16. Rc1 h5 17. Nd5 Rxc1 18. Nxf6+ exf6 19. Rxc1 f5 20. Nc3
fxe4 21. fxe4 Qa5 22. h3 f5 23. exf5 Bxf5 24. Bh6 Bf6 25. Bg5 Bg7 26. Bh6
Bh8 27. Rd1 Kh7 28. Bf4 Qb6 29. Kh2 Qc6 30. Bg3 b5 31. Qf4 d5 32. Qd2 a5 33.
Be5 b4 34. axb4 axb4 35. Ne2 Bxe5+ 36. dxe5 Rxe5 37. Nd4 Qd6 38. Qf4 Qf6 39.
Nf3 Re2 40. Rxd5 Qxb2 41. Qc7+ Kh6 42. Qf4+ Kg7 43. Qg3 Qf6 44. Rb5 Be4 45.
Nh4 Qxh4 46. Qxh4 Rxg2+ 47. Kh1 Rg4+ 48. Kh2 Rxh4 49. Rxb4 Rf4 50. Kg3 g5
51. h4 Rg4+ 52. Kf2 Rxh4 53. Ke3 Bg6 54. Rb7+ Kh6 55. Rb6 Re4+ 56. Kf3 Rf4+
57. Kg3 h4+ 58. Kg2 Kh5 59. Kh2 Bf5 60. Rb2 Kg4 61. Rd2 Be4 62. Rc2 Kh5 63.
Rb2 Rg4 64. Rd2 Rg3 65. Rf2 Bf5 66. Rd2 Bg4 67. Rf2 Rh3+ 68. Kg2 Rg3+ 69.
Kf1 Rf3 70. Kg1 Rxf2 71. Kxf2 Bf5 72. Kg1 g4 73. Kh2 Kg5 74. Kg1 Kf4 75. Kh2
g3+ 76. Kg1 h3 77. Kh1 Be4+ 78. Kg1 h2+ 79. Kf1 h1=Q+ 80. Ke2 Qf3+ 81. Ke1
Qe3+ 82. Kd1 Qf2 {White forfeits on time} 0-1

[Event "ICCopen2016"]
[Site "Internet Chess Club"]
[Date "2016.06.04"]
[Round "5"]
[White "minke"]
[Black "fviana"]
[Result "0-1"]
[ICCResult "White resigns"]
[WhiteElo "1791"]
[BlackElo "2200"]
[Opening "Sicilian: accelerated fianchetto, modern variation with Bc4"]
[ECO "B35"]
[NIC "SI.33"]
[Time "14:45:09"]
[TimeControl "180+0"]

1. e4 c5 2. Nf3 Nc6 3. d4 cxd4 4. Nxd4 g6 5. Nc3 Bg7 6. Be3 Nf6 7. Bc4 O-O
8. Bb3 a5 9. a4 d6 10. f3 Nxd4 11. Bxd4 Be6 12. Qd2 Bxb3 13. cxb3 Nd7 14.
Bxg7 Kxg7 15. h4 h5 16. g4 Rh8 17. gxh5 Rxh5 18. O-O-O Nc5 19. Qd4+ Kg8 20.
Qc4 Rc8 21. Rhg1 Kf8 22. Kb1 Qb6 23. Ka2 Qb4 24. Qxb4 axb4 25. Nd5 Rxh4 26.
Rh1 Rxh1 27. Rxh1 Kg7 28. Nxe7 Ra8 29. Rg1 b5 30. Nf5+ Kf6 31. Nxd6 bxa4 32.
bxa4 Rxa4+ 33. Kb1 b3 34. Nb5 Ke6 35. Nc3 Rc4 36. Rg5 Nd3 37. Rd5 Ne5 38.
Rb5 Nxf3 39. Rxb3 Nd4 40. Rb6+ Ke5 41. Rb7 f5 42. exf5 gxf5 43. Re7+ Kf6 44.
Re1 f4 45. Rf1 f3 46. Kc1 Kf5 47. Kd2 Kf4 48. Kd3 Rb4 49. Nd1 Kg3 50. Rg1+
Kf4 51. Rf1 Nf5 52. Rf2 Rd4+ 53. Kc2 Kg3 54. Rd2 Rc4+ 55. Kd3 Rc8 56. Ne3
Rd8+ 57. Kc2 Rxd2+ 58. Kxd2 Nxe3 59. Kxe3 f2 60. Ke2 Kg2 61. b4 f1=Q+ 62.
Ke3 Qb5 63. Ke4 Qxb4+ 64. Ke5 Qc4 65. Kf6 Qd5 66. Ke7 Qc6 {White resigns}
0-1

[Event "ICCopen2016"]
[Site "Internet Chess Club"]
[Date "2016.06.04"]
[Round "5"]
[White "Hell-Rell"]
[Black "jjn"]
[Result "1-0"]
[ICCResult "Black resigns"]
[WhiteElo "2175"]
[BlackElo "1837"]
[Opening "French: exchange variation"]
[ECO "C01"]
[NIC "FR.01"]
[Time "14:46:26"]
[TimeControl "180+0"]

1. e4 e6 2. d4 d5 3. exd5 exd5 4. c4 Nf6 5. Nc3 c6 6. Nf3 Be7 7. Bd3 O-O 8.
O-O Bg4 9. h3 Bh5 10. cxd5 Nxd5 11. Be2 Re8 12. Re1 Nd7 13. Nxd5 cxd5 14.
Ne5 Bxe2 15. Rxe2 Nf6 16. f3 Rc8 17. Qb3 b6 18. Bd2 Qd6 19. Rae1 Bf8 20. Bc3
Nd7 21. Nxd7 Qxd7 22. Rxe8 Rxe8 23. Rxe8 Qxe8 24. Qxd5 Qe3+ 25. Kh1 Qc1+ 26.
Kh2 Qf4+ 27. g3 Qc1 28. Qe4 h5 29. h4 Qf1 30. Qe3 Bd6 31. f4 Qd1 32. Qf2 a5
33. Kg2 b5 34. Bxa5 b4 35. Bb6 b3 36. axb3 Qxb3 37. Bc5 Bc7 38. Kh2 Qd3 39.
Bb4 Qc4 40. Bc5 Qd3 41. b4 Qf5 42. b5 f6 43. b6 Bb8 44. Qe2 Kh7 45. Qf2 g5
46. hxg5 fxg5 47. Qe2 g4 48. Qe7+ Kh6 49. Qf8+ {Black resigns} 1-0

[Event "ICCopen2016"]
[Site "Internet Chess Club"]
[Date "2016.06.04"]
[Round "5"]
[White "goran-esyu"]
[Black "HuevosDeLeon"]
[Result "0-1"]
[ICCResult "White forfeits on time"]
[WhiteElo "2279"]
[BlackElo "2680"]
[Opening "Alekhine's defense: modern, Larsen variation"]
[ECO "B04"]
[NIC "AL.05"]
[Time "14:45:29"]
[TimeControl "180+0"]

1. e4 Nf6 2. e5 Nd5 3. Nf3 d6 4. d4 dxe5 5. Nxe5 c6 6. Be2 Bf5 7. a3 Nd7 8.
O-O Nxe5 9. dxe5 e6 10. Re1 Qc7 11. Bf3 Rd8 12. Qe2 Be7 13. Bd2 O-O 14. c4
Nb6 15. Ba5 Bd3 16. Qe3 Bxc4 17. Nc3 Rd7 18. Rac1 Qd8 19. Be4 Bd3 20. Rcd1
Bxe4 21. Qxe4 Rxd1 22. Rxd1 Qc7 23. Na4 Rd8 24. Rxd8+ Qxd8 25. Qe2 Qd4 26.
Nxb6 axb6 27. Bc3 Qd5 28. h3 Bc5 29. Kh2 h6 30. g3 b5 31. h4 Bb6 32. g4 Bc7
33. f4 Bb6 34. f5 Qc5 35. Kg3 Qg1+ 36. Qg2 Bf2+ 37. Kf3 Qxg2+ 38. Kxg2 Bxh4
39. fxe6 fxe6 40. b3 Be7 41. a4 bxa4 42. bxa4 Kf7 43. Kf3 Kg6 44. Bd2 Bg5
45. Bb4 Bd8 46. Bd2 Bc7 47. Bf4 Kf7 48. Ke4 Ke7 49. Be3 b6 50. Bd2 c5 51.
Bc3 g6 52. Bd2 h5 53. Bg5+ Kd7 54. gxh5 gxh5 55. Be3 Kc6 56. Bf2 b5 57.
axb5+ Kxb5 58. Kd3 c4+ {White forfeits on time} 0-1

[Event "ICCopen2016"]
[Site "Internet Chess Club"]
[Date "2016.06.04"]
[Round "5"]
[White "Freedoom"]
[Black "LittleMaster"]
[Result "0-1"]
[ICCResult "White forfeits on time"]
[WhiteElo "1908"]
[BlackElo "2345"]
[Opening "English: four knights, Nimzovich variation"]
[ECO "C44"]
[NIC "KP.10"]
[Time "14:45:49"]
[TimeControl "180+0"]

1. e4 e5 2. Nf3 Nc6 3. c4 Nf6 4. Nc3 Bc5 5. h3 O-O 6. d3 h6 7. Be2 d6 8. Be3
Bxe3 9. fxe3 Nh5 10. g4 Ng3 11. Rg1 Nxe2 12. Qxe2 Ne7 13. O-O-O c6 14. h4 b5
15. h5 b4 16. Nb1 f6 17. Nh4 d5 18. Nf5 Be6 19. b3 a5 20. Rd2 a4 21. Rc2 Nc8
22. exd5 cxd5 23. c5 Na7 24. d4 Nc6 25. Qd3 Qd7 26. Rf2 axb3 27. axb3 Ra1
28. Rb2 Rfa8 29. Rf1 Bxf5 30. gxf5 R8a2 31. Rff2 Rxb2 32. Rxb2 exd4 33. exd4
Ne7 34. Rf2 Qa7 35. Qd2 Qa3+ 36. Qb2 Qxb2+ 37. Kxb2 Ra6 38. Nd2 Nc6 39. Nf3
Ra8 40. Kc2 Rc8 41. Kd3 Nd8 42. Re2 Nf7 43. Re7 Kf8 44. Rb7 Re8 45. Nd2 Nd8
46. Nf3 Nxb7 47. c6 Nd6 {White forfeits on time} 0-1

[Event "ICCopen2016"]
[Site "Internet Chess Club"]
[Date "2016.06.04"]
[Round "5"]
[White "Red-white"]
[Black "RLH2"]
[Result "1-0"]
[ICCResult "Black checkmated"]
[WhiteElo "3055"]
[BlackElo "2783"]
[Opening "Ruy Lopez: Berlin defense"]
[ECO "C65"]
[NIC "RL.07"]
[Time "14:46:02"]
[TimeControl "180+0"]

1. e4 e5 2. Nf3 Nc6 3. Bb5 Nf6 4. d3 Bd6 5. O-O O-O 6. Nbd2 a6 7. Ba4 b5 8.
Bb3 Na5 9. d4 Nxb3 10. axb3 Qe7 11. Re1 Bb7 12. c4 c5 13. d5 Nh5 14. Nf1 g6
15. Bh6 Rfb8 16. Ne3 f6 17. Qd3 Nf4 18. Bxf4 exf4 19. Ng4 Be5 20. Ngxe5 fxe5
21. cxb5 axb5 22. Qxb5 d6 23. Rxa8 Rxa8 24. b4 Ba6 25. Qb6 cxb4 26. Qxb4 Qc7
27. h3 Bd3 28. Qb3 Qc4 29. Qb7 Qa6 30. Qe7 Ra7 31. Qe8+ Kg7 32. Ng5 Qa5 33.
Rc1 Kh6 34. Nf7+ Kh5 35. Qf8 Rxf7 36. Qxf7 h6 37. Qe6 Be2 38. Qxd6 Qd2 39.
Qxe5+ g5 40. Ra1 f3 41. Qe8+ Kh4 42. Qg6 fxg2 43. Qxh6+ Bh5 44. Qd6 Qf4 45.
Qxf4+ gxf4 46. d6 Kxh3 47. d7 Bg4 48. d8=Q f3 49. Qh8+ Bh5 50. Qxh5#
{Black checkmated}
1-0